 Seeded DCSS version 0.31.0-32-g396128a36d (webtiles) character file.

Game seed: 11883663735492499065 (custom seed)

109674 Hubris850 the Blocker (level 16, -4/110 HPs)
             Began as a Merfolk Ice Elementalist on Apr 17, 2024.
             Was an Initiate of Gozag.
             Killed from afar by Nikola (48 damage)
             ... with an arc of chain lightning
             ... on level 1 of the Shoals.
             The game lasted 02:07:57 (31512 turns).

Hubris850 the Blocker (Merfolk Ice Elementalist)   Turns: 31512, Time: 02:07:57

Health: -4/110     AC:  0    Str: 13    XL:     16   Next: 53%
Magic:  29/29      EV: 19    Int: 16    God:    Gozag
Gold:   6503       SH:  5    Dex: 16    Spells: 17/34 levels left

rFire   . . .        U - melded +10 lance "Wyrmbane" {slay drac, rPois rF+ rC+ AC+3}
rCold   . . .        G - melded +0 kite shield
rNeg    . . .        E - melded +1 robe of Vines {NoPotionHeal Regen++++}
rPois   .            n - melded +0 helmet {Int+3}
rElec   .            F - melded +0 cloak
rCorr   .            i - melded +0 pair of gloves
SInv    .            y - melded +1 pair of boots "Doazuqim" {Str+3 Int+5}
Will    +....        m - amulet of reflection
Stlth   ++           O - melded ring of Nomp {rElec rN+ Str+5 Int+6}
HPRegen 0.38/turn    u - melded +4 ring of slaying
MPRegen 0.21/turn

%: reflection
@: about to teleport, pig-form, invisible, very slow
A: fast, no casting, small, (nimble swimmer 2), (mertail)
a: Renounce Religion, Potion Petition, Call Merchant, Bribe Branch


You were on level 1 of the Shoals.
You worshipped Gozag.
Gozag was greatly pleased with you.
You were a filthy swine.
You visited 4 branches of the dungeon, and saw 23 of its levels.
You also visited: Gauntlet.

You collected 8967 gold pieces.
You spent 2417 gold pieces at shops.
You paid 47 gold pieces to Gozag.

Inventory:

Hand Weapons
 a - a +0 quick blade of flaming
 U - the +10 lance "Wyrmbane" (melded) {slay drac, rPois rF+ rC+ AC+3}
   (You bought it in a shop on level 1 of the Dungeon)

   AC+3:      It affects your AC (+3).
   rF+:       It protects you from fire.
   rC+:       It protects you from cold.
   rPois:     It protects you from poison
Missiles
 f - 17 atropa-tipped darts
 w - 3 throwing nets
 z - 17 poisoned darts (quivered)
Armour
 i - a +0 pair of gloves (melded)
 n - a +0 helmet of intelligence (melded)
 y - the +1 pair of boots "Doazuqim" (melded) {Str+3 Int+5}
   (You acquired it on level 5 of the Dungeon)

   Str+3:     It affects your strength (+3).
   Int+5:     It affects your intelligence (+5).
 E - the +1 robe of Vines (melded) {NoPotionHeal Regen++++}
   (You bought it in a shop on level 2 of the Dungeon)

   NoPotionHeal: Its wearer cannot be healed by potions.
   Regen++++: It increases your rate of health regeneration.
 F - a +0 cloak (melded)
 G - a +0 kite shield (melded)
Jewellery
 m - an amulet of reflection (around neck)
 u - a +4 ring of slaying (melded)
 O - the ring of Nomp (melded) {rElec rN+ Str+5 Int+6}
   (You found it in a Gauntlet)

   [ring of intelligence]

   Str+5:     It affects your strength (+5).
   Int+6:     It affects your intelligence (+6).
   rElec:     It insulates you from electricity.
   rN+:       It protects you from negative energy.
Wands
 q - a wand of charming (17)
 x - a wand of digging (18)
 B - a wand of mindburst (12)
 L - a wand of polymorph (16)
 M - a wand of flame (54)
 Y - a wand of iceblast (26)
Scrolls
 g - a scroll of blinking
 o - a scroll of silence
 r - a scroll of revelation
 s - 2 scrolls of fog
 v - 8 scrolls of teleportation
 A - a scroll of vulnerability
 R - 3 scrolls of enchant weapon
 T - 3 scrolls of fear
Potions
 b - a potion of magic
 d - 2 potions of berserk rage
 h - 3 potions of lignification
 j - a potion of ambrosia
 k - 3 potions of resistance
 l - 9 potions of curing
 p - a potion of might
 t - a potion of heal wounds
 D - a potion of invisibility
 H - 5 potions of haste
 K - a potion of mutation
 Q - 2 potions of enlightenment
Miscellaneous
 c - a sack of spiders
 e - a phial of floods


   Skills:
 - Level 5.4 Fighting
 - Level 14.0 Short Blades
 - Level 12.0 Polearms
 - Level 6.0 Throwing
 - Level 3.0 Armour
 - Level 8.0 Dodging
 - Level 6.0 Stealth
 + Level 14.5 Shields
 + Level 9.7 Spellcasting
 + Level 7.5 Conjurations
 + Level 9.2 Summonings
 - Level 7.0 Ice Magic
 - Level 4.0 Earth Magic


You had 17 spell levels left.
You knew the following spells:

 Your Spells              Type           Power      Damage    Failure   Level
a - Stone Arrow           Conj/Erth      52%        3d10      2%          3
b - Frozen Ramparts       Ice            60%        1d10      1%          3
c - Ozocubu's Armour      Ice            30%        N/A       1%          3
d - Summon Ice Beast      Ice/Summ       33%        N/A       1%          3
e - Summon Forest         Summ/Tloc      11%        N/A       36%         5

Your spell library contained the following spells:

 Spells                   Type           Power      Damage    Failure   Level
 Freeze                   Ice            100%       1d10      1%          1
 Magic Dart               Conj           100%       1d8       1%          1
 Summon Small Mammal      Summ           100%       N/A       1%          1
 Searing Ray              Conj           64%        2d6       1%          2
 Call Canine Familiar     Summ           37%        N/A       1%          3
 Ensorcelled Hibernation  Hex/Ice        38%        N/A       3%          2
 Dazzling Flash           Conj/Hex       38%        N/A       6%          3
 Animate Armour           Summ/Erth      56%        N/A       6%          4
 Apportation              Tloc           14%        N/A       10%         1
 Necrotise                Necr           28%        1d5       10%         1
 Slow                     Hex            28%        N/A       10%         1
 Mephitic Cloud           Conj/Alch/Air  15%        N/A       10%         3
 Jinxbite                 Hex            14%        N/A       14%         2
 Martyr's Knell           Necr/Summ      22%        N/A       14%         4
 Summon Blazeheart Golem  Fire/Summ      22%        N/A       14%         4
 Fulminant Prism          Conj/Alch      9%         3d7       21%         4
 Confusing Touch          Hex            7%         N/A       28%         3
 Fugue of the Fallen      Necr           7%         N/A       28%         3
 Sigil of Binding         Hex            7%         N/A       28%         3
 Tukima's Dance           Hex            7%         N/A       28%         3
 Vampiric Draining        Necr           7%         2d6       28%         3
 Summon Cactus Giant      Summ           18%        N/A       32%         6
 Summon Mana Viper        Hex/Summ       22%        N/A       36%         5
 Leda's Liquefaction      Alch/Erth      7%         N/A       38%         4
 Petrify                  Alch/Erth      14%        N/A       38%         4
 Fireball                 Conj/Fire      9%         3d6       50%         5
 Metabolic Englaciation   Hex/Ice        9%         N/A       52%         5
 Anguish                  Hex/Necr       3%         N/A       67%         4
 Cause Fear               Hex            3%         N/A       67%         4
 Manifold Assault         Tloc           7%         N/A       67%         4
 Passage of Golubria      Tloc           7%         N/A       67%         4
 Alistair's Intoxication  Alch           4%         N/A       95%         5
 Curse of Agony           Necr           7%         N/A       95%         5
 Silence                  Hex/Air        3%         N/A       95%         5
 Yara's Violent Unravell  Hex/Alch       3%         3d4       95%         5
 Enfeeble                 Hex            3%         N/A       100%        7
 Lehudib's Crystal Spear  Conj/Erth      13%        10d4      100%        8
 Dragon's Call            Summ           18%        N/A       100%        9


Dungeon Overview and Level Annotations

Branches:
Dungeon (15/15)            Temple (0/1) D:6            Lair (5/5) D:9
 Shoals (1/4) Lair:3       Spider (0/4) Lair:3          Orc (2/2) D:12
    Elf (0/3) Orc:2        Vaults (0/5) D:13         Depths (0/4) D:15
Gauntlet (visited)
  Slime: Lair:4-5

Altars:
Cheibriados
Elyvilon
Gozag
Hepliaklqana
Kikubaaqudgha
Nemelex Xobeh
Trog
Uskayaw
Xom
Zin
The Shining One
Jiyva

Shops:
D:1 (   D:2 *([?*   Orc:1 :   Orc:2 ***[=

Portals:
Pandemonium: Orc:2

Annotations:
D:10 1 runed translucent door, gummybears's ghost, journeyman TrFi
D:14 2 transporters
Lair:4 exclusion: hydra
Lair:5 exclusion: 2 oklob plants
Shoals:1 exclusion: oklob plant, Kirke; Nikola
Orc:2 1 exclusion


Innate Abilities, Weirdness & Mutations

You are a filthy swine.
You move quickly.
Your equipment is almost entirely melded.
You are incapable of wielding weapons or throwing items.
You cannot cast spells.
((You are very nimble when in or above water. (Stealth+, EV+, Speed+++)))
((Your lower body shifts to a powerful aquatic tail in water.))


Message History

Your +0 kite shield melds into your body.
The +1 robe of Vines {NoPotionHeal Regen++++} melds into your body.
The ring of Nomp {rElec rN+ Str+5 Int+6} melds into your body.
Your +4 ring of slaying melds into your body.
You feel stupid. The vines fall away from your body!
You feel stupid.
You closely miss something. You block something's attack.
You hit something.
Aiming: Mindburst
Press: ? - help, Shift-Dir - straight line
Okay, then.
Unknown command.
Unknown command.
As you read the scroll of teleportation, it crumbles to dust.
You feel strangely unstable.
You hear some strange, mumbled words.
Something tries to affect you, but you resist.
You closely miss something.
Something tries to affect you, but you resist.
You closely miss something. Something hits you!
You hit something.
Found a scroll of teleportation.
You hear some strange, mumbled words.
Nothing appears to happen.
Your surroundings suddenly seem different.
Splash!
You fall into the shallow water.
Moving in this stuff is going to be slow. ...and don't expect to remain undetected.
Found a scroll labelled RYAFIHIVOTS.
Nikola shouts!
The sea snake hisses angrily.
As you read the scroll of teleportation, it crumbles to dust.
You feel strangely unstable.
The manticore flicks its tail.
You block the sea snake's attack.
Nikola mumbles some strange words.
Lightning arcs from Nikola's hands!
The bolt of lightning hits you!!!
You die...
Your body crumbles into a pile of gold.

~~~~~ .~~~~~~~~ ~~~..
.~~~≈≈~~~
~~~..###~~~≈~~~~
~.~~~~..~~~~~~~.
..~~~~?~~~~~~~..
...~~~~~~~~~~.#
...~~~~~S~~~~.#
...~~~~~h~~~~.#
....~@$~~~~~~~.#
.~~~~~~.~~~~~.## ##
.~~~~~$..~~~~..##...
...~~~~~~$$$......~.?.
...~$~~..~$#.##..~~~~.
.....~.....H####..~~~~~
.......##..:#.....~~~~~
.......##...{.....~~~~~


You could see Nikola, a sea snake and a manticore (summoned).

Vanquished Creatures
  An orc warlord (Orc:1)
  A minotaur (Gauntlet)
  Josephine (D:15)
  A merfolk impaler (Shoals:1)
  A rakshasa (D:15)
  2 ice dragons
  A vault guard (D:13)
  Fannar (Lair:2)
  Erolcha (D:9)
  A hydra (Lair:5)
  2 catoblepae (D:15)
  2 demonspawn (Orc:2)
  5 centaur warriors
  A dancing weapon (D:13)
  3 boulder beetles
  12 death yaks
  2 two-headed ogres (D:8)
  2 tengu warriors
  A hell hog (Lair:5)
  An occultist (D:14)
  6 skeletal warriors
  A soul eater (Gauntlet)
  4 orc high priests (Orc:2)
  A fire crab (Gauntlet)
  5 skysharks
  A swamp dragon (Lair:5)
  2 sea snakes (Shoals:1)
  An orange crystal statue (Gauntlet)
  A necromancer (D:15)
  8 ugly things
  10 orc sorcerers
  7 cyclopes
  3 orc knights (Orc:2)
  3 manticores
  A merfolk siren (Shoals:1)
  2 guardian serpents (D:13)
  A kobold blastminer (Orc:2)
  14 elephants
  2 centaur zombies (D:15)
  A water nymph (Shoals:1)
  An ice statue (Lair:2)
  A black mamba (Lair:1)
  The ghost of maldita the Geomancer, a novice GrEE (D:5)
  3 centaur skeletons (D:15)
  14 cane toads
  A gargoyle (D:12)
  4 rime drakes
  A torpor snail (Lair:4)
  A cane toad (shapeshifter) (D:13)
  Jeremiah (Lair:1)
  6 komodo dragons
  2 unseen horrors
  An anaconda simulacrum (Lair:2)
  A freezing wraith (D:14)
  2 ice devils (Lair:2)
  3 tengu conjurers
  A burning bush (Lair:4)
  3 red devils
  Psyche (D:9)
  13 polar bears
  A polar bear (shapeshifter) (D:15)
  A hellwing (Orc:2)
  7 trolls
  7 merfolk (Shoals:1)
  2 hornets
  A snapping turtle (Lair:3)
  A raiju (Lair:5)
  17 blink frogs
  5 dream sheep
  5 slime creatures (D:15)
  4 jumping spiders (Lair:3)
  2 vampires
  A water elemental (Lair:3)
  A human (shapeshifter) (D:15)
  6 wraiths
  46 yaks
  A steam dragon (Lair:5)
  3 basilisks
  3 wyverns
  4 hogs (Shoals:1)
  6 wargs
  4 fire bats (Gauntlet)
  A chaos spawn (Orc:2)
  3 vampire mosquitoes (D:12)
  A harpy simulacrum (Lair:2)
  An acid dragon (D:9)
  9 water moccasins
  16 hell hounds (Lair:5)
  4 swamp drakes (Lair:5)
  39 orc warriors
  An ice beast (D:6)
  13 black bears
  5 ogres
  3 sky beasts
  38 wolves
  7 centaurs
  13 bullfrogs
  3 kobold brigands
  2 gnoll sergeants
  3 scorpions
  3 wights (D:9)
  A jelly (D:6)
  An electric eel (Lair:3)
  9 howler monkeys
  A bombardier beetle (D:5)
  2 gnoll boudas (D:9)
  2 hounds
  31 orc priests
  Crazy Yiuf (D:2)
  8 iguanas
  2 sleepcaps
  4 hell rats (Lair:5)
  27 orc wizards
  A polar bear simulacrum (Lair:2)
  A troll simulacrum (Lair:2)
  A nameless horror (Lair:4)
  21 gnolls
  11 adders
  7 shadow imps
  4 white imps
  An ufetubus (D:7)
  A dart slug (D:4)
  2 ribbon worms
  102 orcs
  5 bats
  11 endoplasms
  2 giant cockroaches
  5 goblins
  11 hobgoblins
  2 jackals (D:1)
  5 quokkas
  3 ball pythons
  3 frilled lizards
  41 kobolds
  4 rats
  A spectral hobgoblin (D:3)
804 creatures vanquished.

Vanquished Creatures (collateral kills)
  Maggie (D:9)
  A cane toad (Lair:1)
  A red devil (D:8)
  A water moccasin (Lair:1)
  2 gnolls (D:8)
  2 orcs (D:11)
8 creatures vanquished.

Vanquished Creatures (others)
  A sea snake (Shoals:1)
  A water elemental (Shoals:1)
  2 hogs (Shoals:1)
  An orc wizard (Orc:1)
5 creatures vanquished.

Grand Total: 817 creatures vanquished

Notes
Turn   | Place    | Note
-------+----------+-------------------------------------------
     0 | D:1      | Hubris850 the Merfolk Ice Elementalist began the quest for
                  | the Orb.
     0 | D:1      | Reached XP level 1. HP: 13/13 MP: 3/3
   175 | D:1      | Reached skill level 1 in Fighting
   179 | D:1      | Reached XP level 2. HP: 15/21 MP: 3/5
   571 | D:1      | Reached XP level 3. HP: 25/27 MP: 6/6
   684 | D:1      | Found Gehoalez's Weapon Shoppe.
  1126 | D:2      | Found Suttuoso's Armour Boutique.
  1146 | D:2      | Learned a level 3 spell: Frozen Ramparts
  1348 | D:2      | Found Vebemp's Assorted Antiques.
  1492 | D:2      | Found a runed translucent door.
  1493 | D:2      | Noticed Crazy Yiuf
  1614 | D:2      | Found Rarus's Magic Scroll Shoppe.
  1705 | D:2      | Reached XP level 4. HP: 32/33 MP: 7/7
  1910 | D:2      | Found Haekhegu's Weapon Emporium.
  1961 | D:2      | Found Salona's General Store.
  2329 | D:2      | Learned a level 3 spell: Ozocubu's Armour
  2383 | D:3      | Reached skill level 5 in Ice Magic
  2464 | D:3      | Reached XP level 5. HP: 34/38 MP: 5/9
  3255 | D:3      | Found a faded altar of an unknown god.
  3566 | D:3      | Reached XP level 6. HP: 44/44 MP: 7/11
  3621 | D:3      | Found an opulent altar of Gozag.
  3629 | D:3      | Became a worshipper of Gozag Ym Sagoz the Greedy
  4594 | D:4      | Learned a level 3 spell: Summon Ice Beast
  5033 | D:4      | Reached XP level 7. HP: 50/50 MP: 13/13
  5041 | D:5      | Entered Level 5 of the Dungeon
  5156 | D:1      | Bought a +0 quick blade of flaming for 406 gold pieces
  5366 | D:5      | Reached skill level 1 in Short Blades
  5409 | D:5      | Identified a scroll of acquirement
  5409 | D:5      | Acquired the +1 pair of boots "Doazuqim" {Str+3 Int+5}
  5670 | D:5      | Reached skill level 5 in Short Blades
  5670 | D:5      | Reached XP level 8. HP: 56/56 MP: 15/15
  5724 | D:5      | Found a shimmering altar of Xom.
  5968 | D:5      | Found a runed translucent door.
  5979 | D:5      | Noticed maldita's ghost (novice GrEE)
  6209 | D:2      | Killed Crazy Yiuf
  6408 | D:6      | Found an ancient bone altar of Kikubaaqudgha.
  6505 | D:6      | Found a staircase to the Ecumenical Temple.
  7137 | D:6      | Found a sparkling altar of Nemelex Xobeh.
  7621 | D:7      | Reached XP level 9. HP: 61/61 MP: 16/16
  7780 | D:7      | Reached skill level 10 in Short Blades
  7963 | D:7      | Found a white marble altar of Elyvilon.
  7963 | D:7      | Found a glowing silver altar of Zin.
  7963 | D:7      | Found a glowing golden altar of the Shining One.
  8032 | D:8      | Noticed a two-headed ogre
  8032 | D:8      | Noticed a two-headed ogre
  8078 | D:8      | Noticed a red devil
  8078 | D:8      | Noticed a red devil
  8098 | D:8      | Killed a red devil
  8208 | D:8      | Noticed a red devil
  9001 | D:8      | Killed a red devil
  9002 | D:8      | Reached XP level 10. HP: 48/67 MP: 8/17
  9256 | D:8      | Paralysed by a hornet for 2 turns
  9480 | D:8      | Reached skill level 1 in Armour
  9582 | D:8      | Reached skill level 1 in Shields
  9635 | D:8      | Killed a two-headed ogre
  9636 | D:8      | Reached skill level 5 in Dodging
  9651 | D:8      | Killed a two-headed ogre
 10116 | D:9      | Noticed Psyche
 10128 | D:9      | Killed Psyche
 10129 | D:9      | Reached skill level 1 in Throwing
 10323 | D:9      | Noticed Maggie
 10336 | D:9      | Killed Maggie
 10443 | D:9      | Found a staircase to the Lair.
 10495 | D:9      | Reached XP level 11. HP: 66/77 MP: 7/18
 11066 | D:9      | Reached skill level 5 in Shields
 11172 | D:9      | Noticed Erolcha
 11245 | D:9      | Killed Erolcha
 11726 | D:1      | Bought the +8 lance "Wyrmbane" {slay drac, rPois rF+ rC+
                  | AC+3} for 1131 gold pieces
 11726 | D:1      | Found the +8 lance "Wyrmbane" {slay drac, rPois rF+ rC+
                  | AC+3}
 11799 | D:5      | Killed maldita's ghost
 11918 | D:10     | Entered Level 10 of the Dungeon
 12022 | D:10     | Found a hide-covered altar of Uskayaw.
 12022 | D:10     | Found a bloodstained altar of Trog.
 12188 | D:10     | Found a runed translucent door.
 12189 | D:10     | Noticed gummybears's ghost (journeyman TrFi)
 12231 | D:10     | Found the +3 Elemental Staff {ele, rElec rF+ rC+ AC+3}
 12550 | Lair:1   | Entered Level 1 of the Lair of Beasts
 12583 | Lair:1   | Noticed Jeremiah
 12659 | Lair:1   | Reached skill level 5 in Polearms
 13093 | Lair:1   | Killed Jeremiah
 13384 | Lair:1   | Reached XP level 12. HP: 78/83 MP: 12/19
 13651 | Lair:1   | Noticed a boulder beetle
 13666 | Lair:1   | Killed a boulder beetle
 14702 | Lair:2   | Found a hazy altar of Hepliaklqana.
 14713 | Lair:2   | Reached skill level 10 in Polearms
 14802 | Lair:2   | Reached skill level 10 in Shields
 15001 | Lair:2   | Noticed an ice dragon
 15341 | Lair:2   | Killed an ice dragon
 15489 | Lair:2   | Reached XP level 13. HP: 62/88 MP: 20/20
 15791 | Lair:2   | Noticed Fannar
 15818 | Lair:2   | Killed Fannar
 17314 | Lair:3   | Found a staircase to the Shoals.
 17615 | Lair:3   | Found a hole to the Spider Nest.
 18997 | Lair:4   | Reached skill level 5 in Throwing
 19486 | Lair:4   | Learned a level 3 spell: Stone Arrow
 19553 | Lair:4   | Reached XP level 14. HP: 86/95 MP: 21/21
 19725 | Lair:4   | Reached skill level 1 in Summonings
 19881 | Lair:5   | Entered Level 5 of the Lair of Beasts
 19910 | Lair:5   | Reached skill level 5 in Spellcasting
 19981 | Lair:4   | Reached skill level 1 in Conjurations
 19981 | Lair:4   | Reached skill level 1 in Earth Magic
 20085 | Lair:5   | Found a viscous altar of Jiyva.
 21687 | Lair:5   | Reached skill level 5 in Summonings
 22520 | D:2      | Bought the +1 robe of Vines {NoPotionHeal Regen++++} for
                  | 880 gold pieces
 22520 | D:2      | Found the +1 robe of Vines {NoPotionHeal Regen++++}
 22807 | D:11     | Reached skill level 5 in Fighting
 23032 | D:11     | Reached XP level 15. HP: 93/103 MP: 15/25
 23681 | D:12     | Found a staircase to the Orcish Mines.
 24007 | D:12     | Reached skill level 5 in Stealth
 24600 | D:13     | Found a gate to the Vaults.
 24893 | D:13     | Identified the +4 bardiche of the Egg {elec, rElec rN+
                  | Dex-2}
 25170 | D:13     | Found an opulent altar of Gozag.
 25274 | D:14     | Found a transporter.
 25288 | D:14     | Reached skill level 5 in Conjurations
 25314 | D:14     | Found a transporter.
 25537 | D:14     | Found a gate leading to a gauntlet.
 25544 | Gauntlet | Entered a Gauntlet
 25544 | Gauntlet | Found a transporter.
 25653 | Gauntlet | Found a transporter.
 25655 | Gauntlet | Found a transporter.
 25657 | Gauntlet | Found a transporter.
 25674 | Gauntlet | Found a transporter.
 25688 | Gauntlet | Found a transporter.
 25695 | Gauntlet | Found a transporter.
 25717 | Gauntlet | Found a transporter.
 25730 | Gauntlet | Found a transporter.
 25742 | Gauntlet | Found a transporter.
 25750 | Gauntlet | Noticed a cacodemon
 25754 | Gauntlet | Found a transporter.
 25766 | Gauntlet | Found a transporter.
 25778 | Gauntlet | Found a transporter.
 25795 | Gauntlet | Found a transporter.
 25813 | Gauntlet | Found a transporter.
 25815 | Gauntlet | Found a transporter.
 26021 | Gauntlet | Found a transporter.
 26027 | Gauntlet | Identified the +0 ring mail of the Taurataur {rElec}
 26319 | Gauntlet | Identified the ring of Nomp {rElec rN+ Str+5 Int+6}
 26419 | Gauntlet | Identified the +2 glaive of the Dwarven Hall {vamp, Will++}
 26676 | D:14     | Found a snail-covered altar of Cheibriados.
 27292 | D:15     | Entered Level 15 of the Dungeon
 27292 | D:15     | Noticed Josephine
 27297 | D:15     | Killed Josephine
 28049 | D:15     | Learned a level 5 spell: Summon Forest
 28064 | D:15     | Reached XP level 16. HP: 110/110 MP: 28/28
 28090 | D:15     | Found a staircase to the Depths.
 28551 | Orc:1    | Entered Level 1 of the Orcish Mines
 28893 | Orc:1    | Found Naenuss's Vocational Training.
 29120 | Orc:2    | Entered Level 2 of the Orcish Mines
 29405 | Orc:2    | Found a staircase to the Elven Halls.
 29475 | Orc:2    | Found Paomeaf's Gadget Gallery.
 29700 | Orc:2    | Found Puhirieg's General Store.
 29710 | Orc:2    | Found Awnoh's General Store.
 30640 | Orc:2    | Found Utetot's Antique Armour Emporium.
 30640 | Orc:2    | Found a one-way gate leading to the halls of Pandemonium.
 30640 | Orc:2    | Found Jaqa's Jewellery Shoppe.
 31206 | Shoals:1 | Entered Level 1 of the Shoals
 31404 | Shoals:1 | Found a snail-covered altar of Cheibriados.
 31410 | Shoals:1 | Noticed Nikola
 31479 | Shoals:1 | Noticed Kirke
 31512 | Shoals:1 | Killed from afar by Nikola

Illustrated notes

Levels and vault maps discovered:
D:1:      heliophobic_arrival_henge, layout_basic, serial_shops, shop,
          chequers_mini_garden, minmay_tetromino_i4
D:2:      layout_basic, serial_shops, nicolae_diamond_shop,
          nicolae_shop_rolled_up, nicolae_shop_overgrown_old_shop, shop,
          nicolae_shop_getting_attention, nicolae_figureground_sparkle,
          uniq_crazy_yiuf_cottage
D:3:      layout_loops_ring, mainiacjoe_overflow_alcove_1,
          dreamdust_ecumenical_altar_drowned_temple
D:4:      kennysheep_kobold_camp, layout_rooms
D:5:      layout_loops_ring, kennysheep_little_box, gammafunk_ghost_grave,
          hangedman_abyss_or_decor_jellyfish_corner,
          minmay_misc_feat_more_columns
D:6:      layout_gridville, general_overflow_altar,
          nemelex_diamond_rough_becter, minmay_temple_entry_mini_moons,
          minmay_holes, kennysheep_diamond
D:7:      layout_loops_ring, good_gods_mini_temple, serial_demonic,
          serial_demonic_b, serial_demonic_b, serial_demonic_g, serial_demonic_g
D:8:      layout_basic, einodemon_armed_red_devil_minivault
D:9:      layout_stronghold, erik_lair_orcish_takeover, uniq_maggie,
          uniq_psyche, uniq_erolcha
D:10:     minmay_weird_star, layout_cave_pools,
          chequers_temple_overflow_statue_of_worship,
          ebering_ghost_reflecting_pool
D:11:     layout_roguey [special_room_orc]
D:12:     layout_basic, david_orc_4, interstate_on_off
D:13:     nrook_guardian_serpent_snake_passage, layout_loops_cross,
          erik_vaults_1, nicolae_gozag_cash_rules_everything_around_me
D:14:     gammafunk_worm_tunnel, layout_loops_ring, gauntlet_entry_generic,
          cheibriados_altar_1, minmay_misc_feat_ornament, minivault_14,
          minmay_fractal_squares_gapless_5
D:15:     grunt_enter_depths_magical_seal, layout_basic, serial_bayou_pond_e,
          uniq_josephine
Lair:1:   layout_regular_city, cheibrodos_lair_caveside_slide, uniq_jeremiah
Lair:2:   dreamdust_isle_of_ice, layout_regular_city, basic_altar, uniq_fannar
Lair:3:   layout_gridlike, minmay_shoals_entry_hut, spider_nest_entry_a,
          lemuel_old_faithful, grunt_megastairs_1
Lair:4:   layout_big_grid, evilmike_ambush [evilmike_ambush_outer_doors,
          evilmike_ambush_inner_pond], serial_bayou_shore_b, grunt_megastairs_3
Lair:5:   hangedman_lair_caniforms_friends, layout_layer_cave,
          guppyfry_lair_end_dragon, minmay_slime_entry_oklob_enclosed,
          grunt_megastairs_4
Shoals:1: layout_shoals, lemuel_oklob_altar, uniq_nikola, uniq_kirke
Orc:1:    layout_diamond_mine, abandoned_shop, nicolae_shop_vocational
Orc:2:    pf_orc_diabolical, layout_diamond_mine, nicolae_shop_gadgets

Skill      XL: |  1  2  3  4  5  6  7  8  9 10 11 12 13 14 15 16 |
---------------+-------------------------------------------------+-----
Dodging        | 3 4 6 8 |  8.0
Fighting       | 1 2 4 5 |  5.4
Ice Magic      | 5 6 7 |  7.0
Spellcasting   | 3 4 7 8 9 |  9.7
Short Blades   | 5 9 13 14 | 14.0
Armour         | 2 3 |  3.0
Shields        | 3 8 10 14 | 14.5
Throwing       | 2 3 6 |  6.0
Polearms       | 7 12 | 12.0
Summonings     | 5 8 9 |  9.2
Conjurations   | 4 6 7 |  7.5
Earth Magic    | 4 |  4.0
Stealth        | 6 |  6.0

Action                     |  1- 3 |  4- 6 |  7- 9 | 10-12 | 13-15 | 16-18 || total
---------------------------+-------+-------+-------+-------+-------+-------++-------
  Melee: Short sword       |   155 |   140 |     6 |       |       |       ||   301
         Punch             |     2 |     2 |     9 |       |       |       ||    13
         Quick blade       |       |       |   407 |   717 |       |       ||  1124
         Lance             |       |       |       |   188 |  1813 |   645 ||  2646
         Tailslap          |       |       |       |       |     5 |     9 ||    14
         Unarmed           |       |       |       |       |       |     5 ||     5
  Throw: Javelin           |       |     2 |     2 |       |     1 |       ||     5
         Dart              |       |     1 |    29 |    89 |    71 |     4 ||   194
         Boomerang         |       |       |       |     1 |       |       ||     1
   Cast: Freeze            |    14 |    27 |     2 |       |       |       ||    43
         Frozen Ramparts   |     1 |    12 |     8 |    28 |    12 |     1 ||    62
         Ozocubu's Armour  |       |     1 |     8 |    23 |    14 |       ||    46
         Summon Ice Beast  |       |       |     5 |    28 |     9 |       ||    42
         Stone Arrow       |       |       |       |       |    14 |       ||    14
  Evoke: Wand              |       |       |       |     5 |    15 |     2 ||    22
         Phial of floods   |       |       |       |       |     1 |       ||     1
    Use: Scroll            |       |     9 |     3 |     9 |     9 |     3 ||    33
         Potion            |       |       |       |       |    11 |     1 ||    12
   Stab: Sleeping          |     7 |    10 |     3 |     2 |    13 |     5 ||    40
         Distracted        |       |       |     2 |    12 |    15 |     3 ||    32
         Invisible         |       |       |       |     2 |       |     3 ||     5
         Paralysed         |       |       |       |       |       |     2 ||     2
 Armour: Robe              |    77 |    78 |   105 |    54 |   222 |   103 ||   639
         Steam dragon scal |       |       |       |   133 |   210 |       ||   343
         Skin              |       |       |       |       |       |     2 ||     2
  Dodge: Dodged            |   118 |    98 |   123 |   196 |   410 |   110 ||  1055
  Block: Buckler           |       |       |       |    22 |       |       ||    22
         Kite shield       |       |       |       |   191 |   862 |   308 ||  1361
         Reflection        |       |       |       |       |    29 |    24 ||    53
         Other             |       |       |       |       |       |     2 ||     2
